 Dungeon Crawl Stone Soup version 0.31-a0-1008-g5b978dac0e (webtiles) character file.

Game seed: 12080750356015855635

123229 Queen the Unseen (level 16, 0/84 HPs)
             Began as a Spriggan Enchanter on Nov 13, 2023.
             Was a Priest of Ashenzari.
             Slain by a titan (52 damage)
             ... on level 1 of the Depths.
             The game lasted 02:53:54 (41810 turns).

Queen the Unseen (Spriggan Enchanter)              Turns: 41810, Time: 02:53:55

Health: 0/84       AC:  5    Str:  4    XL:     16   Next: 36%
Magic:  35/37      EV: 52    Int: 18    God:    Ashenzari [***...]
Gold:   826        SH:  0    Dex: 22    Spells: 12/48 levels left

rFire   + . .        K - +6 dagger (elec)
rCold   . . .        (no shield)
rNeg    . . .        P - +2 robe {Will+}
rPois   +            (helmet restricted)
rElec   .            C - +0 cloak of the Tethered God {Dev, Range} (curse)
rCorr   .            (gloves unavailable)
SInv    +            (boots unavailable)
Will    ++++.        N - amulet of the Shackled Pleiades {Acrobat rPois rF+ Regen+, Melee, Self} (curse)
Stlth   +++++++      E - ring "I Knew You'd Do That" {Will+, Bglg, Melee} (curse)
HPRegen 1.14/turn    F - ring of Ashenzari's Jealousy {EV+5, Self, Bglg} (curse)
MPRegen 0.25/turn

%: acrobat, clarity
@: confusing by touch, acrobatic, very quick
A: very small, no large weapons, unfitting armour, see invisible, speed 3
a: Renounce Religion, Curse Item, Shatter the Chains


You were on level 1 of the Depths.
You worshipped Ashenzari.
Ashenzari was most pleased with you.
You visited 5 branches of the dungeon, and saw 24 of its levels.
You also visited: Sewer, Bailey and Ice Cave.

You collected 3082 gold pieces.
You spent 2256 gold pieces at shops.

Inventory:

Hand Weapons
 b - a +2 short sword of draining
 K - a +6 dagger of electrocution (weapon)
 R - a +2 dagger of venom
Missiles
 I - 6 curare-tipped darts
 J - 8 atropa-tipped darts
 L - 23 poisoned darts (quivered)
 X - 2 throwing nets
Armour
 a - a +2 robe of cold resistance
 j - the +1 robe of the Wasteland {rC+ Dex+7 SInv}
   (You bought it in a shop on level 2 of the Orcish Mines)

   Dex+7:     It affects your dexterity (+7).
   rC+:       It protects you from cold.
   SInv:      It lets you see invisible.
 w - the +0 robe of Indemnity {Harm Dex+3 Slay+3}
   (You found it on level 13 of the Dungeon)

   Dex+3:     It affects your dexterity (+3).
   Slay+3:    It affects your accuracy & damage with ranged weapons and melee
   (+3).
   Harm:      It increases damage dealt and taken.
 B - the +1 robe of Anaesthesia {Will+ Str+3}
   (You bought it in a shop on level 2 of the Orcish Mines)

   Str+3:     It affects your strength (+3).
   Will+:     It increases your willpower.
 C - the cursed +0 cloak of the Tethered God (worn) {Dev, Range}
   (You found it on level 7 of the Dungeon)

   It has a curse which improves the following skills: Devices: Evocations and
   Shapeshifting.
   Ranged Combat: Ranged Weapons and Throwing.
 P - a +2 robe of willpower (worn)
Jewellery
 f - a +6 ring of dexterity
 E - the cursed ring "I Knew You'd Do That" (left hand) {Will+, Bglg, Melee}
   (You found it on level 7 of the Dungeon)

   [ring of willpower]

   Will+:     It increases your willpower.
   It has a curse which improves the following skills: Beguiling: Conjurations,
   Hexes and Translocations.
   Melee Combat: Short Blades, Long Blades, Axes, Maces & Flails, Polearms,
   Staves and Unarmed Combat.
 F - the cursed ring of Ashenzari's Jealousy (right hand) {EV+5, Self, Bglg}
   (You took it off an orc on level 7 of the Dungeon)

   [ring of evasion]

   EV+5:      It affects your evasion (+5).
   It has a curse which improves the following skills: Introspection: Fighting
   and Spellcasting.
   Beguiling: Conjurations, Hexes and Translocations.
 N - the cursed amulet of the Shackled Pleiades (around neck) {Acrobat rPois rF+ Regen+, Melee, Self}
   (You bought it in a shop on level 5 of the Dungeon)

   [amulet of the acrobat]

   Acrobat:   It increases your evasion while moving and waiting.
   rF+:       It protects you from fire.
   rPois:     It protects you from poison Regen+: It increases your rate of
   health regeneration.
   It has a curse which improves the following skills: Melee Combat: Short
   Blades, Long Blades, Axes, Maces & Flails, Polearms, Staves and Unarmed
   Combat.
   Introspection: Fighting and Spellcasting.
 Q - a +6 ring of dexterity
 S - an amulet of magic regeneration
Wands
 r - a wand of roots (25)
 s - a wand of mindburst (17)
 A - a wand of polymorph (7)
 U - a wand of acid (12)
 W - a wand of digging (18)
 Z - a wand of flame (21)
Scrolls
 i - 2 scrolls of enchant armour
 l - 3 scrolls of amnesia
 n - 3 scrolls of teleportation
 u - 5 scrolls of silence
 x - 2 scrolls of blinking
 y - a scroll of butterflies
 z - 7 scrolls of vulnerability
 D - 2 scrolls of torment
 G - 2 scrolls of brand weapon
 O - 2 scrolls of acquirement
 T - 4 scrolls of fog
 V - 3 scrolls of immolation
 Y - 4 scrolls of fear
Potions
 c - 2 potions of invisibility
 d - 4 potions of haste
 e - a potion of cancellation
 g - 4 potions of berserk rage
 h - 4 potions of lignification
 k - 3 potions of mutation
 m - 4 potions of attraction
 o - 11 potions of heal wounds
 p - 13 potions of curing
 t - 5 potions of brilliance
 v - 6 potions of might
 H - 4 potions of enlightenment
 M - 2 potions of resistance
Miscellaneous
 q - a sack of spiders


   Skills:
 + Level 6.8(9.1) Fighting
 - Level 12.5(14.6) Short Blades
 - Level 3.6(5.0) Throwing
 + Level 15.7 Dodging
 + Level 18.7 Stealth
 + Level 14.4(16.5) Spellcasting
 + Level 14.6(16.7) Hexes
 + Level 14.6(16.8) Translocations
 - Level 7.7(9.3) Evocations


You had 12 spell levels left.
You knew the following spells:

 Your Spells              Type           Power      Damage    Failure   Level
a - Ensorcelled Hibernat  Hex/Ice        90%        N/A       1%          2
b - Tukima's Dance        Hex            66%        N/A       0%          3
c - Confusing Touch       Hex            66%        N/A       0%          3
d - Jinxbite              Hex            100%       N/A       0%          2
e - Dazzling Flash        Conj/Hex       90%        N/A       1%          3
f - Apportation           Tloc           100%       N/A       0%          1
g - Iskenderun's Mystic   Conj/Tloc      45%        2d10      1%          4
h - Blink                 Tloc           100%       N/A       0%          2
i - Dispersal             Tloc           33%        N/A       1%          6
j - Passwall              Tmut/Erth      11%        N/A       6%          2
k - Gell's Gravitas       Tloc           66%        N/A       0%          3
l - Lesser Beckoning      Tloc           100%       N/A       0%          2
m - Teleport Other        Tloc           66%        N/A       0%          3

Your spell library contained the following spells:

 Spells                   Type           Power      Damage    Failure   Level
 Momentum Strike          Conj/Tloc      90%        3d10      1%          2
 Summon Guardian Golem    Hex/Summ       45%        N/A       1%          3
 Volatile Blastmotes      Fire/Tloc      90%        2d17      1%          3
 Fulminant Prism          Conj/Hex       22%        3d12      1%          4
 Magic Dart               Conj           60%        1d6       3%          1
 Shock                    Conj/Air       60%        1d6       3%          1
 Summon Mana Viper        Hex/Summ       45%        N/A       3%          5
 Freeze                   Ice            56%        1d7       4%          1
 Necrotise                Necr           56%        1d6       4%          1
 Sandblast                Erth           28%        2d8       4%          1
 Summon Small Mammal      Summ           56%        N/A       4%          1
 Searing Ray              Conj           30%        2d5       5%          2
 Call Canine Familiar     Summ           14%        N/A       12%         3
 Frozen Ramparts          Ice            28%        1d5       12%         3
 Hailstorm                Conj/Ice       15%        3d5       12%         3
 Ozocubu's Armour         Ice            14%        N/A       12%         3
 Stone Arrow              Conj/Erth      30%        3d8       12%         3
 Swiftness                Air            14%        N/A       12%         3
 Brom's Barrelling Bould  Conj/Erth      15%        2d4       36%         4
 Airstrike                Air            7%         2d(1-17)  38%         4
 Summon Ice Beast         Ice/Summ       14%        N/A       38%         4
 Alistair's Intoxication  Tmut/Pois      9%         N/A       75%         5
 Simulacrum               Ice/Necr       7%         N/A       99%         6
 Monstrous Menagerie      Summ           7%         N/A       100%        7
 Ozocubu's Refrigeration  Ice            7%         4d9       100%        7


Dungeon Overview and Level Annotations

Branches:
Dungeon (15/15)            Temple (1/1) D:6            Lair (5/5) D:11
  Swamp (0/4) Lair:2        Snake (0/4) Lair:3        Slime (0/5) Lair:4
    Orc (2/2) D:12            Elf (0/3) Orc:2        Vaults (0/5) D:13
 Depths (1/4) D:15          Sewer (visited)          Bailey (visited)
  IceCv (visited)

Altars:
Ashenzari
Cheibriados
Dithmenos
Elyvilon
Fedhas
Gozag
Hepliaklqana
Kikubaaqudgha
Makhleb
Nemelex Xobeh
Okawaru
Qazlal
Ru
Sif Muna
Trog
Uskayaw
Vehumet
Wu Jian
Xom
Yredelemnul
Zin
The Shining One

Shops:
D:5 =   D:11 *(   D:13 (   D:15 :   Orc:2 *(:[

Annotations:
D:3 3 runed translucent doors, exclusion: 2 downstairs, topfpfpflanze's ghost, amateur FeCj
D:6 exclusion: 2 doors
D:8 exclusion: downstairs
D:10 exclusions: downstairs and obsidian statue
D:12 exclusion: downstairs
Lair:4 exclusion: downstairs
Orc:2 exclusion: 2 upstairs


Innate Abilities, Weirdness & Mutations

You are very small and have problems with some larger weapons.
You are too small for most types of armour.
You have supernaturally acute eyesight. (SInv)
You cover ground extremely quickly. (Speed+++)


Message History

Aim: a fire dragon (chance to affect: 34%)
The fire dragon looks drowsy...
The helpless fire dragon fails to defend itself.
You spit the fire dragon like a pig!!!!!
Lightning courses through the fire dragon!
You kill the fire dragon!
No target in view!
The titan shouts!
You hear two shouts!
A fire giant comes into view.
It is wielding a +2 great sword of flaming.
There is an open door, spattered with blood here.
There is an open door, spattered with blood here.
Casting: Ensorcelled Hibernation (safe; 1% risk of failure)
Confirm with . or Enter, or press ? or * to list all spells.
Aiming: Ensorcelled Hibernation (safe; 1% risk of failure)
Press: ? - help, Shift-Dir - straight line, f - titan
Aim: a titan (chance to affect: 0%)
Okay, then.
Press: ? - help, v - describe, . - travel
Here: a titan An open door, spattered with blood.
Casting: Ensorcelled Hibernation (safe; 1% risk of failure)
Confirm with . or Enter, or press ? or * to list all spells.
Aiming: Tukima's Dance (safe; 0% risk of failure)
Press: ? - help, Shift-Dir - straight line, f - titan
Aim: a titan (not susceptible)
Okay, then.
Casting: Tukima's Dance (safe; 0% risk of failure)
Confirm with . or Enter, or press ? or * to list all spells.
Your hands begin to glow red.
The titan completely misses you.
You hit the titan but do no damage. You hit the titan but do no damage.
The titan hits you!
You hit the titan but do no damage. You hit the titan but do no damage.
The titan completely misses you.
You hit the titan but do no damage. You hit the titan but do no damage.
The titan waves its arms in wide circles.
The air twists around and strikes you!! The titan attacks as it pursues you!
The titan hits you!!!
Ouch! That really hurt!
You die...

....#.#....#'#....#.#.....#
..#####..#'#.#....+.###...#
[.#......#...#....##..#..##
###.....##..###....#..#)^#
+.....'...#.##..<#..#..#
#.....#...'..##..'..####
#.#####...#...##.##.# #
......##....#..###
##..###....@'..# #.#
##..C.#...# #. ##'#####.#
## #.....#... #.#.#.# #
^$.... .#.#.#.# ........C.
#. #.# #.#.#


You could see a titan.

Vanquished Creatures
  Jorgrun (D:15)
  Agnes (D:15)
  Donald (Orc:1)
  2 azure jellies (IceCv)
  An orc warlord (Orc:1)
  3 very ugly things (Depths:1)
  A quicksilver ooze (IceCv)
  An ettin (Depths:1)
  2 merfolk impalers (Depths:1)
  A fire dragon (Depths:1)
  Josephine (D:15)
  A merfolk javelineer (Depths:1)
  3 rakshasas
  3 vault guards (D:13)
  Fannar (Orc:1)
  4 hydras
  4 centaur warriors
  2 ice dragons
  A catoblepas (Lair:4)
  A death knight (D:13)
  3 death yaks (D:11)
  3 boulder beetles
  3 deep troll shamans (Depths:1)
  11 tengu warriors
  4 two-headed ogres
  An orc high priest (Orc:2)
  Urug (Orc:1)
  An iron troll (Depths:1)
  A deep troll (Depths:1)
  3 lindwurms
  8 skeletal warriors
  A glowing orange brain (Depths:1)
  Pikel (D:7)
  3 necromancers
  6 orc knights
  2 deep elf zephyrmancers (D:15)
  6 ugly things
  A wolf spider (D:14)
  2 deep elf pyromancers
  4 orc sorcerers
  A manticore (D:14)
  A faun (shapeshifter) (D:11)
  4 cyclopes
  4 black mambas
  A guardian serpent (shapeshifter) (D:14)
  A black mamba (shapeshifter) (D:14)
  A gargoyle (D:13)
  A smoke demon (Depths:1)
  5 torpor snails (Lair:5)
  19 cane toads
  2 centaur skeletons (D:15)
  6 unseen horrors
  A rime drake (Lair:5)
  A kobold demonologist (D:11)
  4 tengu conjurers
  A yaktaur (D:13)
  An efreet (D:15)
  5 freezing wraiths
  11 komodo dragons
  3 meliai (D:14)
  10 trolls
  3 tyrant leeches (Lair:5)
  10 hornets
  Grinder (D:4)
  3 polar bears
  15 blink frogs
  11 dream sheep
  29 slime creatures
  3 centaur simulacra (D:12)
  Sigmund (D:4)
  A water elemental (D:12)
  7 wraiths
  A spriggan (Lair:5)
  A shadow (D:8)
  2 vampires (D:11)
  5 wyverns
  3 basilisks
  A steam dragon (Lair:4)
  19 humans (D:13)
  47 yaks
  5 wargs
  14 vampire mosquitoes
  A death yak simulacrum (Lair:5)
  A redback simulacrum (D:15)
  2 acid dragons
  12 water moccasins
  2 great orb of eyes simulacra (IceCv)
  Duvessa (D:7)
  34 orc warriors
  2 black bears
  3 ice beasts
  8 ogres
  32 wolves
  10 centaurs
  A phantom (D:4)
  3 slime creature simulacra (IceCv)
  8 kobold brigands
  9 bullfrogs
  A gnoll sergeant (D:6)
  7 scorpions
  2 cane toad simulacra (Lair:5)
  A glowing shapeshifter simulacrum (IceCv)
  Dowan (D:7)
  15 killer bees
  2 electric eels
  A howler monkey (D:9)
  3 hounds
  3 jellies
  15 orc priests
  2 sleepcaps
  4 iguanas
  23 orc wizards
  A polar bear simulacrum (Lair:5)
  A hell rat (D:11)
  3 shapeshifter simulacra (IceCv)
  A boggart skeleton (D:15)
  A wolf simulacrum (Lair:5)
  A boggart simulacrum (D:12)
  Robin (D:2)
  12 adders
  A shadow imp (D:8)
  4 white imps
  3 ufetubi
  A worm (D:5)
  4 dart slugs
  84 orcs
  10 bats
  8 endoplasms
  6 giant cockroaches
  16 goblins
  11 hobgoblins
  A jackal (Sewer)
  24 kobolds
  7 quokkas
  12 ball pythons
  A frilled lizard (D:2)
  6 rats
  A butterfly (Lair:5)
795 creatures vanquished.

Vanquished Creatures (collateral kills)
  2 tengu warriors (Depths:1)
  A killer bee (D:8)
  2 orcs
5 creatures vanquished.

Vanquished Creatures (others)
  5 dancing weapons
5 creatures vanquished.

Grand Total: 805 creatures vanquished

Notes
Turn   | Place    | Note
-------+----------+-------------------------------------------
     0 | D:1      | Queen the Spriggan Enchanter began the quest for the Orb.
     0 | D:1      | Reached XP level 1. HP: 9/9 MP: 5/5
   141 | D:1      | Reached XP level 2. HP: 13/13 MP: 6/6
   161 | D:1      | Learned a level 2 spell: Ensorcelled Hibernation
   785 | D:2      | Reached XP level 3. HP: 16/16 MP: 1/8
   802 | D:2      | Found a faded altar of an unknown god.
   877 | D:2      | Reached skill level 5 in Stealth
  1038 | D:2      | Noticed Robin
  1074 | D:2      | Learned a level 3 spell: Tukima's Dance
  1078 | D:2      | Learned a level 3 spell: Confusing Touch
  1232 | D:2      | Killed Robin
  1298 | D:2      | Reached XP level 4. HP: 15/21 MP: 2/10
  1491 | D:2      | Found a faded altar of an unknown god.
  1882 | D:3      | Found a runed translucent gate.
  1882 | D:3      | Found a runed translucent gate.
  1882 | D:3      | Found a runed translucent gate.
  2544 | D:3      | Noticed topfpfpflanze's ghost (amateur FeCj)
  3083 | D:4      | Noticed a phantom
  3085 | D:4      | Reached XP level 5. HP: 24/24 MP: 11/11
  3219 | D:4      | Noticed Sigmund
  3221 | D:4      | Killed Sigmund
  3222 | D:4      | Reached skill level 6 in Stealth
  3222 | D:4      | Reached XP level 6. HP: 28/28 MP: 10/13
  3226 | D:4      | Noticed Grinder
  3243 | D:4      | Killed Grinder
  3244 | D:4      | Reached skill level 5 in Dodging
  3244 | D:4      | Reached skill level 5 in Hexes
  3315 | D:4      | Reached XP level 7. HP: 32/32 MP: 12/15
  3364 | D:4      | Reached skill level 7 in Stealth
  3461 | D:4      | Reached skill level 5 in Spellcasting
  3881 | D:4      | Found an opulent altar of Gozag.
  3881 | D:4      | Found a faded altar of an unknown god.
  3887 | D:4      | Found an ancient bone altar of Kikubaaqudgha.
  3889 | D:4      | Found a faded altar of an unknown god.
  3891 | D:4      | Found a shimmering altar of Xom.
  3950 | D:5      | Entered Level 5 of the Dungeon
  4202 | D:5      | Found a glowing drain.
  4212 | Sewer    | Entered a sewer
  4317 | Sewer    | Reached XP level 8. HP: 36/36 MP: 14/17
  4354 | Sewer    | Learned a level 2 spell: Jinxbite
  4401 | D:5      | Found Xeomnuef's Jewellery Shoppe.
  4513 | D:5      | Reached skill level 8 in Stealth
  4748 | D:5      | Found a glowing silver altar of Zin.
  4748 | D:5      | Found a glowing golden altar of the Shining One.
  4748 | D:5      | Found a white marble altar of Elyvilon.
  4832 | D:5      | Learned a level 3 spell: Dazzling Flash
  5033 | D:5      | Reached skill level 5 in Short Blades
  5154 | D:5      | Found Xeomnuef's Jewellery Shoppe.
  5822 | D:5      | Found Xeomnuef's Jewellery Shoppe.
  6081 | D:5      | Found a glowing silver altar of Zin.
  6081 | D:5      | Found a glowing golden altar of the Shining One.
  6081 | D:5      | Found a white marble altar of Elyvilon.
  6514 | D:6      | Found an ornate altar of the Wu Jian Council.
  6681 | D:6      | Found a stormy altar of Qazlal.
  6701 | D:6      | Reached skill level 9 in Stealth
  7017 | D:6      | Reached XP level 9. HP: 39/39 MP: 18/20
  7230 | D:6      | Found a sacrificial altar of Ru.
  7405 | D:6      | Found a staircase to the Ecumenical Temple.
  7418 | Temple   | Entered the Ecumenical Temple
  7423 | Temple   | Became a worshipper of Ashenzari the Shackled
  7522 | D:7      | Noticed Pikel
  7754 | D:7      | Noticed Duvessa
  7754 | D:7      | Noticed Dowan
  7758 | D:7      | Killed Dowan
  7824 | D:7      | Killed Duvessa
  7825 | D:7      | Reached skill level 1 in Fighting
  7865 | D:7      | Noticed a two-headed ogre
  7951 | D:7      | Killed Pikel
  7952 | D:7      | Reached skill level 10 in Stealth
  8128 | D:7      | Found an iron altar of Okawaru.
  9482 | D:7      | Killed a two-headed ogre
  9483 | D:7      | Reached XP level 10. HP: 47/47 MP: 4/23
  9986 | D:8      | Found a sparkling altar of Nemelex Xobeh.
 10141 | D:8      | Reached skill level 11 in Stealth
 10305 | D:8      | Reached * piety under Ashenzari
 10881 | D:8      | Found a sparkling altar of Nemelex Xobeh.
 11282 | D:9      | Found a burning altar of Makhleb.
 11296 | D:9      | Noticed a two-headed ogre
 11307 | D:9      | Found a flagged portal.
 11319 | Bailey   | Entered a bailey
 11389 | Bailey   | Identified the ring of Xuwaiwy {Fly rN+}
 11605 | Bailey   | Identified the +4 scale mail of Hadjma {Str+3}
 11606 | Bailey   | Found a burning altar of Makhleb.
 11803 | D:9      | Killed a two-headed ogre
 11804 | D:9      | Reached skill level 12 in Stealth
 11995 | D:8      | Found a sparkling altar of Nemelex Xobeh.
 12562 | D:9      | Reached skill level 10 in Dodging
 12677 | D:9      | Reached skill level 1 in Throwing
 12685 | D:9      | Reached XP level 11. HP: 32/52 MP: 15/25
 12793 | D:9      | Found a hide-covered altar of Uskayaw.
 13104 | D:9      | Found a shadowy altar of Dithmenos.
 13324 | D:9      | Reached ** piety under Ashenzari
 13493 | D:5      | Bought the amulet "Nom Paed" {Acrobat rPois rF+ Regen+} for
                  | 674 gold pieces
 13625 | D:7      | Found an iron altar of Okawaru.
 13700 | D:10     | Entered Level 10 of the Dungeon
 13890 | D:10     | Noticed a white ugly thing
 13904 | D:10     | Reached skill level 10 in Hexes
 14031 | D:10     | Killed a white ugly thing
 14104 | D:10     | Found the +11 Singing Sword {sonic wave}
 14195 | D:10     | Reached skill level 13 in Stealth
 14266 | D:10     | Noticed an obsidian statue
 14298 | D:10     | Identified a scroll of acquirement
 14380 | D:10     | Reached *** piety under Ashenzari
 14540 | D:10     | Reached skill level 10 in Spellcasting
 14693 | D:11     | Noticed a death yak
 14693 | D:11     | Found a staircase to the Lair.
 14694 | D:11     | Noticed a death yak
 14739 | D:11     | Reached skill level 1 in Translocations
 14790 | D:11     | Noticed a death yak
 14881 | D:10     | Learned a level 1 spell: Apportation
 14908 | D:11     | Noticed a brown ugly thing
 14915 | D:11     | Killed a brown ugly thing
 15126 | D:11     | Reached XP level 12. HP: 58/58 MP: 23/28
 15334 | D:11     | Found Jijirr's Assorted Antiques.
 15459 | D:11     | Killed a death yak
 15529 | D:11     | Killed a death yak
 15536 | D:11     | Killed a death yak
 15537 | D:11     | Reached skill level 5 in Translocations
 15707 | D:11     | Identified the +9 scale mail of Makhleb's Regard {SInv}
 15739 | D:11     | Found Bedwoeck's Hydra Hut.
 15740 | D:11     | Noticed a five-headed hydra
 15744 | D:11     | Reached skill level 14 in Stealth
 16202 | D:12     | Learned a level 4 spell: Iskenderun's Mystic Blast
 16282 | Lair:1   | Entered Level 1 of the Lair of Beasts
 16417 | Lair:1   | Reached **** piety under Ashenzari
 16660 | Lair:1   | Noticed a boulder beetle
 16663 | Lair:1   | Killed a boulder beetle
 16664 | Lair:1   | Reached skill level 10 in Short Blades
 17900 | Lair:2   | Found a staircase to the Swamp.
 18934 | Lair:2   | Found a staircase to the Swamp.
 19362 | Lair:3   | Identified the +8 quarterstaff of Moral Flaws {elec, Fly
                  | rF+ MP+9}
 19446 | Lair:3   | Found a staircase to the Snake Pit.
 19461 | Lair:3   | Reached XP level 13. HP: 63/63 MP: 28/31
 19721 | Lair:3   | Reached skill level 15 in Stealth
 20207 | Lair:3   | Reached skill level 10 in Translocations
 20463 | Lair:3   | Found a staircase to the Snake Pit.
 21325 | Lair:4   | Found a staircase to the Slime Pits.
 21526 | Lair:4   | Reached skill level 1 in Evocations
 21952 | Lair:4   | Found a staircase to the Slime Pits.
 22531 | Lair:4   | Found a staircase to the Slime Pits.
 23064 | Lair:5   | Entered Level 5 of the Lair of Beasts
 23100 | Lair:5   | Found a frozen archway.
 23110 | IceCv    | Entered an ice cave
 23306 | IceCv    | Noticed a quicksilver ooze
 23464 | IceCv    | Killed a quicksilver ooze
 23676 | IceCv    | Identified the ring "Qyli" {Ice Str+4}
 23993 | IceCv    | Found a viscous altar of Jiyva.
 23993 | IceCv    | Noticed an azure jelly
 24030 | IceCv    | Killed an azure jelly
 24057 | IceCv    | Noticed an azure jelly
 24068 | IceCv    | Identified the +5 hand axe "Heinu" {freeze, rF+ rN+}
 24068 | IceCv    | Identified the ring of Silag {Fly rElec rC++ Str-2 Int+3}
 24071 | IceCv    | Killed an azure jelly
 24072 | IceCv    | Reached XP level 14. HP: 69/69 MP: 23/33
 24323 | Lair:5   | Reached skill level 16 in Stealth
 25032 | Lair:5   | Reached skill level 5 in Evocations
 25280 | Lair:5   | Found a runed translucent door.
 25573 | Lair:5   | Found the +9 staff of Olgreb {rPois∞}
 26842 | D:12     | Found a staircase to the Orcish Mines.
 28333 | D:12     | Found a staircase to the Orcish Mines.
 29393 | D:11     | Bought a sack of spiders for 1280 gold pieces
 29727 | D:13     | Identified the +0 robe of Indemnity {Harm Dex+3 Slay+3}
 29772 | D:13     | Reached ***** piety under Ashenzari
 29821 | D:13     | Found a gate to the Vaults.
 30064 | D:13     | Found Dasog's Weapon Shoppe.
 30246 | D:13     | Reached XP level 15. HP: 78/78 MP: 22/37
 30278 | D:13     | Found a gate to the Vaults.
 30809 | D:13     | Found Dasog's Weapon Shoppe.
 30898 | D:14     | Identified the +9 war axe of Governance {freeze, rF- rN+
                  | Str+2}
 30979 | D:14     | Reached skill level 5 in Fighting
 30979 | D:14     | Reached skill level 17 in Stealth
 31160 | D:14     | Identified the +1 helmet of Ihyzut {Dex+3}
 32126 | D:15     | Entered Level 15 of the Dungeon
 32367 | D:15     | Noticed Jorgrun
 32378 | D:15     | Noticed Agnes
 32393 | D:15     | Found Fomatajua's Book Shop.
 32422 | D:15     | Killed Jorgrun
 32450 | D:15     | Killed Agnes
 32761 | D:15     | Found a staircase to the Depths.
 32797 | D:15     | Noticed Josephine
 32828 | D:15     | Killed Josephine
 33464 | D:15     | Found Fomatajua's Book Shop.
 33669 | D:15     | Found a staircase to the Depths.
 34044 | D:15     | Found Fomatajua's Book Shop.
 34429 | D:15     | Found a staircase to the Depths.
 34564 | Orc:1    | Entered Level 1 of the Orcish Mines
 35193 | Orc:1    | Learned a level 2 spell: Blink
 35200 | Orc:1    | Learned a level 6 spell: Dispersal
 35203 | Orc:1    | Learned a level 2 spell: Passwall
 35269 | Orc:2    | Identified the of Xipoeri
 35269 | Orc:2    | Entered Level 2 of the Orcish Mines
 35269 | Orc:2    | Found a staircase to the Elven Halls.
 35280 | Orc:2    | Found Qixyet's Antique Weapon Shop.
 35512 | Orc:1    | Reached skill level 15 in Dodging
 36180 | Orc:2    | Found Bour's Book Boutique.
 36182 | Orc:2    | Noticed Donald
 36224 | Orc:1    | Learned a level 3 spell: Gell's Gravitas
 36556 | Orc:1    | Killed Donald
 36730 | Orc:2    | Learned a level 2 spell: Lesser Beckoning
 36734 | Orc:2    | Learned a level 3 spell: Teleport Other
 36884 | Orc:2    | Reached skill level 18 in Stealth
 36905 | Orc:2    | Found Inlilloh's Antique Armour Shoppe.
 36913 | Orc:2    | Bought a steaming robe for 91 gold pieces
 36913 | Orc:2    | Identified the +1 robe of the Wasteland {rC+ Dex+7 SInv}
                  | (You bought it in a shop on level 2 of the Orcish Mines)
 36913 | Orc:2    | Bought a masterwork robe for 91 gold pieces
 36913 | Orc:2    | Identified the +1 robe of Anaesthesia {Will+ Str+3} (You
                  | bought it in a shop on level 2 of the Orcish Mines)
 37266 | Orc:1    | Noticed Urug
 37529 | Orc:2    | Found Sisudeah's General Store.
 37537 | Orc:2    | Bought a potion of haste for 120 gold pieces
 37663 | Orc:2    | Found a shimmering blue altar of Sif Muna.
 37843 | Orc:2    | Found Inlilloh's Antique Armour Shoppe.
 37898 | Orc:2    | Found Bour's Book Boutique.
 37946 | Orc:2    | Found Qixyet's Antique Weapon Shop.
 37959 | Orc:2    | Found a shimmering blue altar of Sif Muna.
 38062 | Orc:2    | Found Sisudeah's General Store.
 38174 | Orc:2    | Found a staircase to the Elven Halls.
 38625 | Orc:1    | Killed Urug
 38669 | Orc:1    | Noticed Fannar
 38813 | Orc:1    | Killed Fannar
 40181 | Swamp:3  | Identified the of Guleow
 40181 | Vaults:1 | Identified the "Buf Juch"
 40181 | Vaults:5 | Identified the of Fazu Qohyttu
 40181 | Vaults:5 | Identified the of Zeczur
 40181 | Vaults:5 | Identified the "Fuillupt"
 40181 | Crypt:3  | Identified the "Niogg"
 40181 | Crypt:3  | Identified the "Loareump"
 40181 | Depths:1 | Entered Level 1 of the Depths
 40373 | Depths:1 | Reached XP level 16. HP: 82/82 MP: 37/37
 40667 | Depths:1 | Noticed a titan
 41084 | Depths:1 | Found an iron altar of Okawaru.
 41810 | Depths:1 | Slain by a titan

Illustrated notes

Levels and vault maps discovered:
D:1:      minmay_arrival_wavy_path, layout_basic, serial_corexii_hall,
          corexii_hall_statues_s, corexii_hall_statues_u
D:2:      layout_rooms, hellmonk_ecumenical_altar_pennies_from_heaven,
          uniq_robin
D:3:      layout_basic, ebering_ghost_rock_garden
D:4:      minmay_diamond_boxcup, layout_cave_pools,
          chequers_temple_overflow_minitemple, uniq_grinder, uniq_sigmund
D:5:      layout_loops_cross, dreamdust_divine_triumvirate,
          portal_sewer_entry_e, serial_shops, nicolae_shop_hallway_plus
D:6:      cheibrodos_two_vegetables, layout_loops_ring,
          nicolae_ru_great_annihilating_truth, lemuel_round_altar,
          overflow_temple_1_default, temple_green
D:7:      dreamdust_elfheim, layout_loops_ring, kennysheep_okawaru_gauntlet,
          nicolae_hexahallways, uniq_pikel
D:8:      layout_loops_ring, nemelex_diamond_rough_becter, special_room
          [special_room_orc]
D:9:      layout_layer_cave, bloody_makhleb, eat_drink_and_be_merry_uskayaw,
          grunt_dithmenos_smoke, enter_bailey_6
D:10:     old_forge, layout_basic, minivault_16, st_stairs_2, uniq_sonja
D:11:     layout_irregular_city, dpeg_lair_monsters, nicolae_take_the_stairs,
          minmay_variable_closet, doesnt_shop_hydraphobe
D:12:     layout_layer_cave, david_orc_5, serial_ice, serial_ice_m,
          serial_ice_h, serial_ice_b, serial_ice_d, serial_ice_j, serial_ice_g,
          serial_ice_f, minmay_misc_feat_chi, skrybe_limestone_x
D:13:     layout_loops_ring, grunt_vaults_entry_tiered, serial_shops,
          nicolae_shop_pleasant_corner_grove
D:14:     layout_stronghold, minmay_checkerbox
D:15:     grunt_enter_depths_magical_seal, layout_irregular_city, serial_shops,
          nicolae_shop_waterfront, uniq_josephine, uniq_agnes, uniq_jorgrun
Temple:   hellmonk_temple_micro_hex
Lair:1:   layout_roguey, serial_bayou_shore_a, lemuel_fruit_tree
Lair:2:   layout_regular_city, minmay_swamp_entry_swarm
Lair:3:   layout_hall_layers, dummy_snake_entry
Lair:4:   layout_roguey, slime_entry_1, serial_bayou_shore_b, grunt_megastairs_4
Lair:5:   wormcave, layout_cave_pods, portal_ice_cave_entry_ice_simulacra,
          st_stairs_12, grunt_forest_large_clearing_hut, lemuel_fruit_fields
Orc:1:    layout_diamond_mine, uniq_urug, uniq_fannar
Orc:2:    grunt_orc_gardens, layout_caves, grunt_orc_garden, grunt_orc_garden,
          grunt_orc_garden, grunt_orc_garden, basic_altar, led_sif_book,
          uniq_donald
Depths:1: layout_honeycomb, biasface_ghost_demon_polymorph, hellmouth_2,
          hangedman_abyss_or_decor_passed, st_stairs_11, roadster_trireme

Skill      XL: |  1  2  3  4  5  6  7  8  9 10 11 12 13 14 15 |
---------------+----------------------------------------------+-----
Dodging        | 3 4 5 6 7 8 10 11 12 13 14 15 | 15.7
Spellcasting   | 3 4 5 6 8 9 10 11 12 13 14 | 14.4
Hexes          | 4 5 6 7 8 9 10 11 12 13 14 | 14.6
Stealth        | 5 6 7 9 10 12 13 14 15 16 18 | 18.7
Short Blades   | 2 3 4 5 6 8 9 10 11 12 | 12.5
Fighting       | 2 3 4 6 |  6.8
Throwing       | 1 3 |  3.6
Translocations | 3 8 11 12 14 | 14.6
Evocations     | 3 7 |  7.7

Action                     |  1- 3 |  4- 6 |  7- 9 | 10-12 | 13-15 | 16-18 || total
---------------------------+-------+-------+-------+-------+-------+-------++-------
  Melee: Dagger            |   115 |    39 |   223 |   659 |  1158 |   120 ||  2314
         Punch             |       |     1 |     2 |    10 |    14 |     1 ||    28
         Short sword       |       |       |       |    19 |       |       ||    19
  Throw: Dart              |       |       |       |    20 |    60 |    11 ||    91
   Cast: Ensorcelled Hiber |    23 |    14 |    63 |   132 |   407 |    38 ||   677
         Confusing Touch   |       |     3 |    17 |    46 |   120 |    18 ||   204
         Tukima's Dance    |       |       |    11 |       |    36 |    25 ||    72
         Jinxbite          |       |       |     4 |    19 |       |       ||    23
         Dazzling Flash    |       |       |       |    10 |     2 |       ||    12
         Iskenderun's Myst |       |       |       |       |     4 |       ||     4
         Dispersal         |       |       |       |       |    10 |     3 ||    13
         Gell's Gravitas   |       |       |       |       |     8 |     8 ||    16
         Teleport Other    |       |       |       |       |     4 |     1 ||     5
         Blink             |       |       |       |       |     1 |     1 ||     2
         Passwall          |       |       |       |       |     1 |       ||     1
         Lesser Beckoning  |       |       |       |       |     1 |       ||     1
 Invoke: Curse Item        |       |       |     1 |     4 |     1 |       ||     6
         Shatter the Chain |       |       |       |       |     2 |       ||     2
    Use: Scroll            |       |       |       |     5 |     3 |     1 ||     9
   Stab: Sleeping          |    17 |    14 |    52 |    96 |   282 |    17 ||   478
         Confused          |       |     4 |    15 |    32 |   105 |    12 ||   168
         Paralysed         |       |       |     1 |       |       |       ||     1
         Invisible         |       |       |       |    10 |     5 |       ||    15
         Held in net/web   |       |       |       |     2 |       |       ||     2
         Distracted        |       |       |       |       |     4 |     1 ||     5
 Armour: Robe              |    18 |       |       |       |    42 |    46 ||   106
         Animal skin       |     8 |     6 |    51 |   102 |   145 |       ||   312
  Dodge: Dodged            |    69 |     7 |   159 |   548 |   981 |   147 ||  1911

Table legend: (Time is in decaauts)
 A = Elapsed time spent in this place.
 B = Non-inter-level travel time spent in this place.
 C = Inter-level travel time spent in this place.
 D = Time resting spent in this place.
 E = Time spent auto-exploring this place.
 F = Levels seen in this place.
 G = Mean time per level.
                   A        B        C        D        E       F      G
               +--------+--------+--------+--------+--------+-----+--------+
         Total |  28123 |  26971 |   1152 |   4924 |  15632 |  27 | 1041.6 |
       Dungeon |  16274 |  15507 |    767 |   2265 |   9719 |  15 | 1084.9 |
        Temple |     10 |      9 |      1 |      0 |      0 |   1 |   10.0 |
          Lair |   6143 |   5928 |    215 |    901 |   4068 |   5 | 1228.6 |
  Orcish Mines |   3231 |   3064 |    167 |    850 |   1418 |   2 | 1615.5 |
        Depths |   1261 |   1261 |      0 |    570 |    260 |   1 | 1261.0 |
         Sewer |    129 |    129 |      0 |     49 |     47 |   1 |  129.0 |
        Bailey |    340 |    340 |      0 |    141 |     49 |   1 |  340.0 |
      Ice Cave |    732 |    732 |      0 |    147 |     67 |   1 |  732.0 |
               +--------+--------+--------+--------+--------+-----+--------+

Top non-repeatable levels by time:
    D:12: 2283 daAuts
   Orc:1: 1661 daAuts
     D:7: 1630 daAuts
   Orc:2: 1570 daAuts
    D:15: 1560 daAuts
  Lair:4: 1543 daAuts
  Lair:5: 1502 daAuts
     D:5: 1502 daAuts
     D:8: 1434 daAuts
Depths:1: 1261 daAuts
  Lair:2: 1229 daAuts
    D:13: 1158 daAuts
  Lair:1: 984 daAuts
    D:11: 914 daAuts
  Lair:3: 883 daAuts
